 Dungeon Crawl Stone Soup version 0.31.0-32-g396128a36d (webtiles) character file.

Game seed: 3881689690482481242

1813 OphelQuist the Changeling (level 9, 0/94 HPs)
             Began as an Octopode Shapeshifter on Mar 8, 2024.
             Was an Initiate of Gozag.
             Slain by Dowan
             ... wielding a +0 dagger
              (2 damage)
             ... on level 6 of the Dungeon.
             The game lasted 00:09:52 (6977 turns).

OphelQuist the Changeling (Octopode Shapeshifter)   Turns: 6977, Time: 00:09:52

Health: 0/94       AC: 24    Str: 20    XL:     9   Next: 10%
Magic:  9/9        EV:  2    Int: 12    God:    Gozag
Gold:   324        SH:  0    Dex: 15    Spells: 8/8 levels left

rFire   . .          .
                       - Unarmed
rCold   . . .        (no shield)
rNeg    + + .        (helmet currently unavailable)
rPois   +            (no amulet)
rElec   .            N - ring of positive energy
rCorr   .            n - ring of positive energy
SInv    .            S - +6 ring of strength
Will    .....        (no ring)
Stlth   +            (no ring)
HPRegen 0.35/turn    (no ring)
MPRegen 0.11/turn    (no ring)
                     (no ring)

%: no passive effects
@: tree-form, gold aura
A: stationary, stasis, torment immunity, boosted hp, almost no armour,
(amphibious), 8 rings, (camouflage 1), (gelatinous body 1), (nimble swimmer 1),
(tentacles)
a: Renounce Religion, Potion Petition, Call Merchant, Bribe Branch


You were on level 6 of the Dungeon.
You worshipped Gozag.
Gozag was aware of your devotion.
You were a tree.
You visited 2 branches of the dungeon, and saw 7 of its levels.

You collected 416 gold pieces.
You paid 92 gold pieces to Gozag.


Innate Abilities, Weirdness & Mutations

You are a tree.
Your roots penetrate the ground, keeping you stationary.
You cannot be teleported.
You are immune to unholy pain and torment.
Your maximum health is greatly increased.
You cannot wear most types of armour.
((You are amphibious.))
You can wear up to eight rings at the same time.
((Your skin changes colour to match your surroundings (Stealth+).))
((Your rubbery body absorbs attacks. (AC +1, EV +1)))
((You are camouflaged when in or above water. (Stealth+)))
((You have tentacles for arms and can constrict up to eight enemies at once.))


   Skills:
 + Level 6.8 Fighting
 + Level 3.7 Dodging
 + Level 6.0 Unarmed Combat
 - Level 7.0 Shapeshifting


You had 8 spell levels left.
You didn't know any spells.
Your spell library contained the following spells:

 Spells                   Type           Power      Damage    Failure   Level
 Freeze                   Ice            0%         1d3       32%         1
 Ensorcelled Hibernation  Hex/Ice        0%         N/A       45%         2
 Frozen Ramparts          Ice            0%         1d1       69%         3
 Fugue of the Fallen      Necr           0%         N/A       69%         3
 Hailstorm                Conj/Ice       0%         3d5       69%         3
 Anguish                  Hex/Necr       0%         N/A       97%         4

Inventory:

Missiles
 g - 5 poisoned darts (quivered)
Armour
 j - a +0 buckler
Jewellery
 n - a ring of positive energy (right branch)
 N - a ring of positive energy (left branch)
 S - a +6 ring of strength (on tentacle)
Talismans
 b - a beast talisman
 c - a flux talisman (active)
Wands
 p - a wand of charming (10)
 x - a wand of flame (25)
 y - a wand of roots (5)
Scrolls
 e - 3 scrolls of teleportation {unknown}
 f - 3 scrolls of identify {unknown}
 i - a scroll of brand weapon {unknown}
 l - a scroll of amnesia {unknown}
 m - 5 scrolls of revelation {unknown}
 q - a scroll of butterflies {unknown}
 s - a scroll of noise {unknown}
 t - a scroll of fog {unknown}
Potions
 d - 3 potions of magic {unknown}
 h - 2 potions of curing {unknown}
 k - a potion of might {unknown}
 o - 2 potions of cancellation {unknown}
 r - a potion of degeneration {unknown}
 u - a potion of mutation {unknown}
 v - a potion of haste {unknown}
 w - 2 potions of enlightenment {unknown}

Dungeon Overview and Level Annotations

Branches:
Dungeon (6/15)             Temple (1/1) D:5

Altars:
Ashenzari
Cheibriados
Dithmenos
Elyvilon
Fedhas
Gozag
Hepliaklqana
Okawaru
Ru
Sif Muna
Yredelemnul
Zin
The Shining One

Shops:
D:5 (

Annotations:
D:5 3 runed translucent doors, uncleiroh's ghost, novice DsFE
D:6 Dowan

#+## . # #...#
.. . #.....
#.#.#. #......
#.....###.......
................
#.......$e......
.....#♣# ...#.#
#.###.#$#
#.....$.# #+#
#####.######.#
#.#......#
#.#......######
#..............
#..........#


You could see Dowan (fast).


Message History

The orc hits you with a +0 trident.
* * * LOW HITPOINT WARNING * * *
You barely miss Dowan.
Dowan is moderately wounded.
Dowan is distracted by your dazzling golden aura.
The orc hits you but does no damage.
Dowan shouts!
You hit the orc but do no damage.
The orc is heavily wounded.
The orc hits you with a +0 trident.
* * * LOW HITPOINT WARNING * * *
Unknown command.
You smack the orc!
You kill the orc!
Unknown command.
You barely miss Dowan.
Dowan is no longer distracted by gold.
Dowan is moderately wounded.
Dowan hits you but does no damage. x2
Unknown command.
You hit Dowan.
Dowan is moderately wounded.
Dowan gestures at you while chanting. The stone arrow hits you.
* * * LOW HITPOINT WARNING * * *
Unknown command.
You smack Dowan!
Dowan is almost dead.
Dowan hits you but does no damage. Dowan hits you with a +0 dagger.
You die...
Your body crumbles into a pile of gold.

Skill      XL: |  1  2  3  4  5  6  7  8  9 |
---------------+----------------------------+-----
Fighting       | 2 3 6 |  6.8
Shapeshifting  | 4 6 7 |  7.0
Unarmed Combat | 5 6 |  6.0
Dodging        | 3 |  3.7

Action                     |  1- 3 |  4- 6 |  7- 9 || total
---------------------------+-------+-------+-------++-------
  Melee: Unarmed           |    57 |    78 |   184 ||   319
         Constrict         |    17 |    13 |    54 ||    84
         Tentacles         |    11 |    23 |    55 ||    89
         Punch             |     3 |     3 |     4 ||    10
  Throw: Dart              |       |    18 |       ||    18
    Use: Potion            |       |     1 |     1 ||     2
   Stab: Sleeping          |     6 |     9 |     4 ||    19
 Armour: Skin              |    20 |    35 |    96 ||   151
  Dodge: Dodged            |    45 |    41 |   112 ||   198
   Form: Flux              |       |       |     1 ||     1

Levels and vault maps discovered:
D:1:      arrival_aquarium_a, layout_basic
D:2:      layout_rooms
D:3:      layout_basic, nicolae_ru_path_of_blood, uniq_sigmund
D:4:      layout_gridville, serial_bayou_lagoon_a, serial_park_tiny_2,
          corexii_item_surrounded_by_moat
D:5:      layout_loops_ring, minmay_temple_entry_hall,
          gammafunk_ghost_necromancy, serial_park_tiny_2, hex_medium,
          grunt_ministairs_1, kennysheep_windowed_goal
D:6:      layout_loops_corners, uniq_duvessa, uniq_blork_the_orc
Temple:   minmay_temple_bridge_abc

Notes
Turn   | Place    | Note
-------+----------+-------------------------------------------
     0 | D:1      | OphelQuist the Octopode Shapeshifter began the quest for
                  | the Orb.
     0 | D:1      | Reached XP level 1. HP: 13/13 MP: 1/1
     1 | D:1      | Noticed an electric eel
   158 | D:1      | Reached skill level 2 in Fighting
   158 | D:1      | Reached XP level 2. HP: 10/19 MP: 2/2
   353 | D:1      | Reached XP level 3. HP: 25/25 MP: 3/3
   398 | D:1      | Reached skill level 3 in Fighting
  1373 | D:2      | Reached XP level 4. HP: 23/33 MP: 4/4
  1563 | D:2      | Reached skill level 4 in Fighting
  2148 | D:3      | Noticed Sigmund
  2323 | D:3      | Found a sacrificial altar of Ru.
  2525 | D:3      | Killed Sigmund
  2526 | D:3      | Reached skill level 5 in Fighting
  2526 | D:3      | Reached skill level 6 in Fighting
  2526 | D:3      | Reached XP level 5. HP: 32/41 MP: 5/5
  2526 | D:3      | Reached XP level 6. HP: 36/46 MP: 6/6
  3434 | D:4      | Reached skill level 4 in Shapeshifting
  3544 | D:4      | Reached XP level 7. HP: 48/52 MP: 7/7
  3571 | D:4      | Reached skill level 5 in Shapeshifting
  3626 | D:5      | Entered Level 5 of the Dungeon
  4408 | D:3      | Reached skill level 6 in Shapeshifting
  5205 | D:5      | Reached XP level 8. HP: 57/57 MP: 8/8
  5241 | D:5      | Found Jytsuoxt's Weapon Boutique.
  5265 | D:5      | Reached skill level 7 in Shapeshifting
  5521 | D:5      | Found a staircase to the Ecumenical Temple.
  5534 | D:5      | Reached skill level 4 in Unarmed Combat
  5579 | D:5      | Found a runed translucent gate.
  5596 | Temple   | Entered the Ecumenical Temple
  5616 | Temple   | Became a worshipper of Gozag Ym Sagoz the Greedy
  5762 | D:5      | Found a runed translucent gate.
  5762 | D:5      | Found a runed translucent gate.
  5766 | D:5      | Noticed uncleiroh's ghost (novice DsFE)
  6276 | D:5      | Reached skill level 5 in Unarmed Combat
  6727 | D:6      | Reached skill level 3 in Dodging
  6784 | D:6      | Noticed Blork the orc
  6791 | D:6      | Killed Blork the orc
  6792 | D:6      | Reached XP level 9. HP: 36/63 MP: 9/9
  6952 | D:6      | Noticed Duvessa
  6955 | D:6      | Noticed Dowan
  6956 | D:6      | Killed Duvessa
  6969 | D:6      | Reached skill level 6 in Unarmed Combat
  6971 | D:6      | HP: 6/94 [orc/+0 trident (4)]
  6976 | D:6      | HP: 2/94 [Dowan/stone arrow (5)]
  6977 | D:6      | Slain by Dowan

Vanquished Creatures
  Sigmund (D:3)
  A water moccasin (D:5)
  Duvessa (D:6)
  A black bear (D:5)
  2 ogres
  3 phantoms
  Blork the orc (D:6)
  2 bullfrogs (D:6)
  2 scorpions
  A howler monkey (D:4)
  2 bombardier beetles
  2 hounds (D:6)
  A gnoll bouda (D:4)
  An orc priest (D:6)
  A sleepcap (D:5)
  3 iguanas
  11 gnolls
  10 adders
  A shadow imp (D:6)
  2 ribbon worms
  3 dart slugs
  10 orcs
  4 bats
  3 endoplasms
  6 giant cockroaches
  9 hobgoblins
  5 jackals
  7 kobolds
  2 quokkas (D:1)
  8 ball pythons
  A frilled lizard (D:1)
  12 goblins
  6 rats
125 creatures vanquished.

Table legend: (Time is in decaauts)
 A = Elapsed time spent in this place.
 B = Non-inter-level travel time spent in this place.
 C = Inter-level travel time spent in this place.
 D = Time resting spent in this place.
 E = Time spent auto-exploring this place.
 F = Levels seen in this place.
 G = Mean time per level.
                   A        B        C        D        E       F      G
               +--------+--------+--------+--------+--------+-----+--------+
         Total |   6962 |   6568 |    394 |   1758 |   3809 |   7 |  994.6 |
       Dungeon |   6921 |   6567 |    354 |   1758 |   3809 |   6 | 1153.5 |
        Temple |     40 |      1 |     39 |      0 |      0 |   1 |   40.0 |
               +--------+--------+--------+--------+--------+-----+--------+

Top non-repeatable levels by time:
     D:3: 1922 daAuts
     D:5: 1510 daAuts
     D:1: 1305 daAuts
     D:4: 809 daAuts
     D:2: 762 daAuts
     D:6: 612 daAuts
  Temple: 40 daAuts

Table legend:
 A = Non-vault XP
 B = Vault XP
 C = Vault XP percentage of total XP
 D = Non-vault monster count
 E = Vault monster count
 F = Vault count percentage of total count
                 A         B        C        D         E       F
            +---------+---------+-------+---------+---------+-------
      Total |    1786 |     804 |  31.0 |     118 |       7 |   5.6
            +---------+---------+-------+---------+---------+-------
        D:1 |      60 |       0 |   0.0 |      31 |       0 |   0.0
        D:2 |      64 |       0 |   0.0 |      18 |       0 |   0.0
        D:3 |     229 |     226 |  49.7 |      17 |       1 |   5.6
        D:4 |     562 |       0 |   0.0 |      29 |       0 |   0.0
        D:5 |     358 |     340 |  48.7 |      10 |       4 |  28.6
        D:6 |     513 |     238 |  31.7 |      13 |       2 |  13.3
            +---------+---------+-------+---------+---------+-------
